 Dungeon Crawl Stone Soup version 0.30-b1-2-g02819fbbbe (webtiles) character file.

Game seed: 14083909655305740497

6 emikaela the Shooter (level 1, -2/12 HPs)
             Began as a Tengu Hexslinger on May 18, 2023.
             Slain by a kobold
             ... wielding a +0 dagger of venom
              (4 damage)
             ... on level 1 of the Dungeon.
             The game lasted 00:01:05 (140 turns).

emikaela the Shooter (Tengu Hexslinger)              Turns: 140, Time: 00:01:06

Health: -2/12      AC:  2    Str: 10    XL:     1   Next: 90%
Magic:  3/3        EV: 12    Int: 19    God:
Gold:   10         SH:  0    Dex: 14    Spells: 1/2 levels left

rFire   . . .        a - +1 sling
rCold   . . .        (no shield)
rNeg    . . .        c - +0 robe
rPois   .            (helmet restricted)
rElec   .            (no cloak)
rCorr   .            (no gloves)
SInv    .            (boots unavailable)
Will    .....        (no amulet)
Stlth   +            h - +6 ring of intelligence
HPRegen 0.22/turn    (no ring)
MPRegen 0.08/turn

%: no passive effects
@: no status effects
A: beak, talons 3
a: no special abilities


You were on level 1 of the Dungeon.
You visited 1 branch of the dungeon, and saw 1 of its levels.

You collected 10 gold pieces.

Inventory:

Hand Weapons
 a - a +1 sling (weapon)
Missiles
 s - 4 stones
Armour
 c - a +0 robe (worn)
Jewellery
 h - a +6 ring of intelligence (left hand)
Scrolls
 b - a scroll of poison {!r}
 d - a scroll of immolation {unknown}
Potions
 e - a potion of resistance {unknown}
 f - a potion of degeneration {unknown}
 g - 2 potions of magic {unknown}


   Skills:
 - Level 1.0 Fighting
 + Level 2.9 Ranged Weapons
 - Level 2.1 Dodging
 - Level 1.0 Spellcasting
 - Level 2.1 Hexes


You had one spell level left.
You knew the following spells:

 Your Spells              Type           Power      Damage    Failure   Level
s - Slow                  Hex            36%        N/A       8%          1

Your spell library contained the following spells:

 Spells                   Type           Power      Damage    Failure   Level
 Inner Flame              Hex/Fire       5%         N/A       34%         3
 Portal Projectile        Hex/Tloc       10%        N/A       34%         3
 Cause Fear               Hex            4%         N/A       58%         4


Dungeon Overview and Level Annotations

Branches:
Dungeon (1/15)

Altars:


Innate Abilities, Weirdness & Mutations

You have a beak for a mouth.
You have claws for feet.


Message History

Aim: a kobold, wielding a +0 dagger of venom and quivering stones (50% to hit)
You shoot a sling bullet.
The sling bullet closely misses the kobold.
The kobold throws a stone.
The stone barely misses you.
Fire: a) +1 sling
Press: ? - help, Q - select action, (/) - cycle Shift-Dir - straight line, f/p - kobold
Aim: a kobold, wielding a +0 dagger of venom and quivering stones (50% to hit)
You shoot a sling bullet. The sling bullet misses the kobold.
The kobold throws a stone.
The stone misses you.
Fire: a) +1 sling
Press: ? - help, Q - select action, (/) - cycle Shift-Dir - straight line, f/p - kobold
Aim: a kobold, wielding a +0 dagger of venom and quivering stones (50% to hit)
You shoot a sling bullet. The sling bullet hits the kobold.
The kobold is moderately wounded.
Fire: a) +1 sling
Press: ? - help, Q - select action, (/) - cycle Shift-Dir - straight line, f/p - kobold
Aim: a kobold, wielding a +0 dagger of venom and quivering stones (moderately wounded, 50% to hit)
You shoot a sling bullet. The sling bullet hits the kobold.
The kobold is heavily wounded.
The kobold throws a stone.
The stone hits you.
* * * LOW HITPOINT WARNING * * *
Fire: a) +1 sling
Press: ? - help, Q - select action, (/) - cycle Shift-Dir - straight line, f/p - kobold
Aim: a kobold, wielding a +0 dagger of venom and quivering stones (moderately wounded, 50% to hit)
You shoot a sling bullet.
The sling bullet barely misses the kobold.
The kobold throws a stone.
The stone barely misses you.
Fire: a) +1 sling
Press: ? - help, Q - select action, (/) - cycle Shift-Dir - straight line, f/p - kobold
Aim: a kobold, wielding a +0 dagger of venom and quivering stones (moderately wounded, 50% to hit)
You shoot a sling bullet.
The sling bullet barely misses the kobold.
The kobold throws a stone.
The stone closely misses you.
Fire: a) +1 sling
Press: ? - help, Q - select action, (/) - cycle Shift-Dir - straight line, f/p - kobold
Aim: a kobold, wielding a +0 dagger of venom and quivering stones (moderately wounded, 50% to hit)
You shoot a sling bullet. The sling bullet hits the kobold.
The kobold is heavily wounded.
The kobold hits you with a +0 dagger of venom.
You die...

#.# .... #.# #.# ... #
#.# #.# .. .. #.# #.#
##.#.# #.######### #.#
#...
#.#.......#####.###.#
#.#.................#
##.#............@K...#
...........#####.###.#
# ##.#.......# #.#
#.#####.# #.........#
#.# #.K.....#
###.......# #.#
####†#### #########
#.# #.# #..b.........#
########....S...
#########


You could see a kobold.

Vanquished Creatures
  A dart slug (D:1)
  An endoplasm (D:1)
  A bat (D:1)
  A frilled lizard (D:1)
  A rat (D:1)
5 creatures vanquished.

Notes
Turn   | Place    | Note
-------+----------+-------------------------------------------
     0 | D:1      | emikaela the Tengu Hexslinger began the quest for the Orb.
     0 | D:1      | Reached XP level 1. HP: 12/12 MP: 3/3
   140 | D:1      | Slain by a kobold

Illustrated notes

Levels and vault maps discovered:
D:1:      dpeg_arrival_solitude, layout_loops_ring

Action                     || total
---------------------------++-------
   Fire: Sling             ||    16
   Cast: Slow              ||     1
  Dodge: Dodged            ||     7
